 Dungeon Crawl Stone Soup version 0.30-a0-34-gbe8da3892a (webtiles) character file.

Game seed: 9222478274344120077

11595 frimble the Arsonist (level 11, -4/84 HPs)
             Began as a Demonspawn Air Elementalist on Aug 28, 2022.
             Was a Priest of Cheibriados.
             Killed by an exploding yak (35 damage)
             ... ignited by their inner flame
             ... on level 1 of the Lair of Beasts.
             The game lasted 00:21:45 (15217 turns).

frimble the Arsonist (Demonspawn Air Elementalist) Turns: 15217, Time: 00:21:46

Health: -4/84      AC:  8    Str: 15    XL:     11   Next: 51%
Magic:  1/14       EV: 27    Int: 32    God:    Cheibriados [***...]
Gold:   370        SH:  0    Dex: 20    Spells: 7/14 levels left

rFire   . . .      SeeInvis .    e - +1 long sword (vorpal)
rCold   + . .      Faith    .    (no shield)
rNeg    . . .      Spirit   .    y - +0 steam dragon scales
rPois   .          Reflect  .    (helmet restricted)
rElec   .          Harm     .    g - +0 cloak
rCorr   +          Rampage  .    (no gloves)
Will    .....                    (no boots)
Stlth   +++.......               o - amulet "Saellus" {Acrobat rCorr Int+3}
HPRegen 0.24/turn                j - ring of protection from cold
MPRegen 0.14/turn                (no ring)

@: acrobatic, very slow
A: horns 1, thin metallic scales 1, demonic guardian 2, ignite blood 2, no
potion heal 1, MP-powered wands
a: Renounce Religion, Bend Time, Temporal Distortion


You were on level 1 of the Lair of Beasts.
You worshipped Cheibriados.
Cheibriados was most pleased with you.
You visited 3 branches of the dungeon, and saw 12 of its levels.
You also visited: Bailey.

You collected 650 gold pieces.
You spent 280 gold pieces at shops.

Inventory:

Hand Weapons
 c - a +0 dagger
 e - a +1 vorpal long sword (weapon)
Missiles
 G - 3 throwing nets
Armour
 g - a +0 cloak (worn)
 h - a +1 leather armour of poison resistance
 q - a +0 buckler
 y - +0 steam dragon scales (worn)
Jewellery
 j - a ring of protection from cold (left hand)
 o - the amulet "Saellus" (around neck) {Acrobat rCorr Int+3}
   (You found it on level 4 of the Dungeon)

   [amulet of the acrobat]

   It increases your evasion while moving and waiting.
   Int:       It affects your intelligence (+3).
   rCorr:     It protects you from acid and corrosion.
 D - a +4 ring of evasion
 F - a ring of protection from cold
Wands
 b - a wand of light (8)
 u - a wand of digging (7)
 x - a wand of flame (22)
 E - a wand of polymorph (6)
 H - a wand of roots (9)
Scrolls
 f - 2 scrolls of silence
 l - 3 scrolls of enchant armour
 r - a scroll of butterflies
 s - 7 scrolls of enchant weapon
 w - a scroll of torment
 z - 2 scrolls of identify
 A - 2 scrolls of teleportation
 B - a scroll of brand weapon
 C - 2 scrolls of amnesia
 I - a scroll of fear
Potions
 a - 2 potions of flight
 d - 2 potions of attraction
 i - 2 potions of brilliance {unknown}
 k - 3 potions of curing
 m - 2 potions of resistance {unknown}
 n - 2 potions of cancellation {unknown}
 p - a potion of degeneration {unknown}
 t - a potion of haste
 v - 3 potions of might
 K - a potion of heal wounds


   Skills:
 - Level 7.0 Fighting
 + Level 8.4 Long Blades
 - Level 2.0 Dodging
 - Level 3.0 Stealth
 - Level 2.1 Spellcasting
 - Level 6.0 Conjurations
 + Level 12.5 Fire Magic
 - Level 3.0 Air Magic
 - Level 2.6 Evocations


You had 7 spell levels left.
You knew the following spells:

 Your Spells              Type           Power      Damage    Failure   Level
a - Shock                 Conj/Air       100%       1d9       1%          1
b - Sticky Flame          Conj/Fire      58%        2d7       1%          4
c - Static Discharge      Conj/Air       64%        3-7/arc   1%          2

Your spell library contained the following spells:

 Spells                   Type           Power      Damage    Failure   Level
 Foxfire                  Conj/Fire      100%       2x1d9     1%          1
 Magic Dart               Conj           100%       1d8       1%          1
 Scorch                   Fire           100%       2d10      1%          2
 Searing Ray              Conj           82%        2d7       1%          2
 Conjure Flame            Conj/Fire      58%        6-21      1%          3
 Ignite Poison            Fire/Tmut/Pois 30%        N/A       3%          3
 Mephitic Cloud           Conj/Pois/Air  22%        N/A       6%          3
 Swiftness                Air            22%        N/A       6%          3
 Call Imp                 Summ           3%         N/A       11%         2
 Gell's Gravitas          Tloc           3%         N/A       21%         3
 Lesser Beckoning         Tloc           3%         N/A       21%         3
 Teleport Other           Tloc           3%         N/A       21%         3
 Airstrike                Air            11%        2d(2-18)  21%         4
 Fulminant Prism          Conj/Hex       11%        3d9       21%         4
 Animate Dead             Necr           3%         N/A       56%         4
 Haunt                    Necr/Summ      1%         N/A       100%        7
 Ignition                 Fire           35%        3d11      95%         8
 Infestation              Necr           1%         N/A       100%        8


Dungeon Overview and Level Annotations

Branches:
Dungeon (10/15)            Temple (1/1) D:7            Lair (1/5) D:8
 Bailey (visited)
    Orc: D:9-12

Altars:
Ashenzari
Cheibriados
Dithmenos
Fedhas
Gozag
Hepliaklqana
Kikubaaqudgha
Makhleb
Nemelex Xobeh
Okawaru
Qazlal
Ru
Sif Muna
Trog
Uskayaw
Vehumet
Wu Jian
Xom
Yredelemnul

Shops:
D:9 *

Annotations:
D:10 1 runed translucent door, slphil's ghost, journeyman BaFi


Innate Abilities, Weirdness & Mutations

You have a pair of small horns on your head.
You are partially covered in thin metallic scales. (AC +2)
A demonic guardian rushes to your aid.
Your demonic aura often causes spilled blood to erupt in flames.
Potions are less effective at restoring your health.
You expend magic power (3 MP) to strengthen your wands.


Message History

You hit the boulder beetle but do no damage.
You headbutt the boulder beetle, but do no damage.
The boulder beetle is lightly wounded.
You hit the boulder beetle but do no damage.
Flame seeps out of the boulder beetle.
You headbutt the boulder beetle.
The boulder beetle is lightly wounded.
The boulder beetle is engulfed in blazing flames.
Flame seeps out of the boulder beetle.
The yak gores you.
A demonic guardian appears!
You barely miss the yak. The yak misses you. x2
What are your orders? t - Shout!
Orders for allies: a - Attack new target. p - Attack previous target. r - Retreat! s - Stop attacking. g - Guard the area. f - Follow me.
Anything else - Cancel.
Gang up on whom?
Press: ? - help, Dir - move target, f/p - boulder beetle
Aim: a boulder beetle (moderately wounded, wandering, inner flame, blind, ally target, hasn't noticed you) Attack!
The yak gores you. The yak completely misses you.
Your ice devil hits the boulder beetle but does no damage.
You slash the yak!
Flame seeps out of the yak. x2
You headbutt the yak, but do no damage.
The yak is moderately wounded.
The yak is engulfed in blazing flames.
Flame seeps out of the yak.
The yak gores you but does no damage. The yak gores you!
The yak attacks as you move away! The yak misses you.
Found 9 stones.
The boulder beetle is no longer blind.
The yak is engulfed in blazing flames.
Flame seeps out of the yak.
The boulder beetle curls into a ball and begins rolling!
Your ice devil hits the boulder beetle but does no damage.
The boulder beetle closely misses your ice devil.
The boulder beetle stops rolling and uncurls.
The yak is engulfed in blazing flames.
Cheibriados appreciates the change of pace.
The yak explodes!
The fiery explosion engulfs the yak!!
The yak is severely wounded.
The fiery explosion engulfs you!!
You die...

.........####.#..##.
.......<.####..#.#
P.###....##......#
....#............#
....#....##......##
..................# #
....#.....###..#### ..+
.........###Y†#####.B..P
##†##........Y○☼@..4...P
.†............YY§......(
........................
########.##.###.###P##.#
###### ### ## #


You could see a boulder beetle (inner flame, ally target), 4 yaks and a friendly
ice devil (summoned).

Vanquished Creatures
  2 gargoyles
  A troll (D:9)
  2 hornets
  A wyvern (D:9)
  A wraith (D:8)
  16 yaks
  A steam dragon (D:7)
  The ghost of Jeffwins the Chucker, an amateur HuWn (D:3)
  2 vampire mosquitoes (D:10)
  An acid dragon (D:10)
  Duvessa (D:4)
  3 sky beasts
  6 orc warriors
  A black bear (D:8)
  2 ice beasts
  An ogre (D:6)
  2 centaurs
  2 phantoms
  4 kobold brigands
  Blork the orc (D:5)
  A bullfrog (D:9)
  A gnoll sergeant (D:9)
  4 necrophages
  3 scorpions
  Dowan (D:4)
  4 howler monkeys
  4 orc priests
  A jelly (D:4)
  4 hounds
  An iguana (D:7)
  9 orc wizards
  9 gnolls
  4 adders
  2 ufetubi
  2 worms
  3 dart slugs
  48 orcs
  6 bats
  9 endoplasms
  A giant cockroach (D:1)
  12 goblins
  3 hobgoblins
  9 jackals
  30 kobolds
  7 quokkas
  6 ball pythons
  2 frilled lizards (D:1)
  5 rats
242 creatures vanquished.

Vanquished Creatures (collateral kills)
  An orc knight (Bailey)
  A wraith (D:9)
  5 yaks
  A vampire mosquito (D:10)
  An orc warrior (Bailey)
  A centaur (D:9)
  A kobold brigand (D:7)
  A necrophage (D:7)
  A gnoll bouda (D:7)
  A gnoll (D:7)
  A white imp (D:7)
  A goblin (D:7)
  A kobold (D:7)
17 creatures vanquished.

Vanquished Creatures (others)
  An orc wizard (D:5)
  A fungus (D:10)
  4 plants (D:10)
6 creatures vanquished.

Grand Total: 265 creatures vanquished

Notes
Turn   | Place    | Note
-------+----------+-------------------------------------------
     0 | D:1      | frimble the Demonspawn Air Elementalist began the quest for
                  | the Orb.
     0 | D:1      | Reached XP level 1. HP: 13/13 MP: 3/3
   127 | D:1      | Gained mutation: Your demonic aura sometimes causes spilled
                  | blood to erupt in flames. [demonic ancestry]
   127 | D:1      | Reached XP level 2. HP: 3/19 MP: 0/5
  1061 | D:1      | Gained mutation: You have a pair of small horns on your
                  | head. [demonic ancestry]
  1061 | D:1      | Reached XP level 3. HP: 25/25 MP: 6/6
  1603 | D:2      | Reached skill level 1 in Fighting
  1894 | D:2      | Reached skill level 1 in Long Blades
  2398 | D:2      | Reached XP level 4. HP: 31/32 MP: 7/7
  2659 | D:3      | Noticed a necrophage
  3155 | D:3      | Learned a level 4 spell: Sticky Flame
  3397 | D:3      | Killed a necrophage
  3398 | D:3      | Reached XP level 5. HP: 22/38 MP: 2/8
  3559 | D:3      | Found a runed translucent gate.
  3559 | D:3      | Found a runed translucent gate.
  3559 | D:3      | Found a runed translucent gate.
  3560 | D:3      | Noticed Jeffwins's ghost (amateur HuWn)
  3655 | D:4      | Reached skill level 1 in Fire Magic
  3840 | D:4      | Noticed Duvessa
  4382 | D:4      | Gained mutation: You are partially covered in thin metallic
                  | scales. (AC +2) [demonic ancestry]
  4382 | D:4      | Reached XP level 6. HP: 46/46 MP: 2/9
  4459 | D:4      | Identified the amulet "Saellus" {Acrobat rCorr Int+3}
  4687 | D:5      | Entered Level 5 of the Dungeon
  4810 | D:5      | Noticed Blork the orc
  5432 | D:5      | Reached skill level 2 in Fire Magic
  5674 | D:5      | Killed Blork the orc
  5901 | D:5      | Gained mutation: Your demonic aura often causes spilled
                  | blood to erupt in flames. [demonic ancestry]
  5901 | D:5      | Reached XP level 7. HP: 35/52 MP: 10/10
  6123 | D:4      | Noticed Dowan
  6480 | D:4      | Killed Duvessa
  6483 | D:4      | Killed Dowan
  6484 | D:4      | Reached skill level 3 in Fire Magic
  7312 | D:5      | Gained mutation: A weak demonic guardian rushes to your
                  | aid. [demonic ancestry]
  7312 | D:5      | Reached XP level 8. HP: 57/61 MP: 6/11
  7854 | D:6      | Reached skill level 5 in Conjurations
  8295 | D:6      | Identified the +8 spear of Plunder {freeze, Int+2}
  8366 | D:6      | Reached skill level 4 in Fire Magic
  8616 | D:6      | Reached skill level 5 in Fighting
  9205 | D:7      | Reached skill level 5 in Long Blades
  9229 | D:7      | Found a flagged portal.
  9247 | Bailey   | Entered a bailey
  9564 | Bailey   | Gained mutation: A demonic guardian rushes to your aid.
                  | [demonic ancestry]
  9564 | Bailey   | Reached XP level 9. HP: 57/69 MP: 2/12
  9687 | Bailey   | Gained mutation: You expend magic power (3 MP) to
                  | strengthen your wands. [potion of mutation]
  9687 | Bailey   | Gained mutation: Potions are less effective at restoring
                  | your health. [potion of mutation]
  9688 | Bailey   | Reached skill level 11 in Fire Magic
  9688 | Bailey   | Reached XP level 10. HP: 76/76 MP: 13/13
  9865 | Bailey   | Noticed an orc knight
  9911 | Bailey   | Killed an orc knight
 11025 | D:7      | Found a staircase to the Ecumenical Temple.
 11034 | Temple   | Entered the Ecumenical Temple
 11170 | Temple   | Became a worshipper of Cheibriados the Contemplative
 11237 | D:7      | Learned a level 2 spell: Static Discharge
 11606 | D:8      | Found a staircase to the Lair.
 11974 | D:8      | Found an opulent altar of Gozag.
 11974 | D:8      | Found a broken altar of Ashenzari.
 11975 | D:8      | Found a burning altar of Makhleb.
 12381 | D:9      | Reached * piety under Cheibriados
 12409 | D:9      | HP: 2/79 [wraith (5)]
 12796 | D:9      | Noticed a gargoyle
 12815 | D:9      | Killed a gargoyle
 12816 | D:9      | Reached skill level 1 in Evocations
 12999 | D:9      | Reached XP level 11. HP: 34/84 MP: 8/14
 13260 | D:9      | Found Ryxoef's Fire Supplies.
 13266 | D:9      | Bought the Atlas of Incandescence for 280 gold pieces
 13304 | D:9      | Reached ** piety under Cheibriados
 13681 | D:10     | Entered Level 10 of the Dungeon
 13683 | D:10     | Found a runed translucent door.
 13683 | D:10     | Noticed slphil's ghost (journeyman BaFi)
 13686 | D:10     | Identified the +7 trident of Sin {flame, rElec rPois Int-4
                  | SInv}
 13885 | D:3      | Killed Jeffwins's ghost
 14328 | D:10     | Reached skill level 12 in Fire Magic
 14544 | D:10     | Found a shimmering altar of Xom.
 14630 | D:10     | Noticed a deep elf pyromancer
 14988 | Lair:1   | Entered Level 1 of the Lair of Beasts
 15002 | Lair:1   | Reached *** piety under Cheibriados
 15207 | Lair:1   | Noticed a boulder beetle
 15217 | Lair:1   | Killed by an exploding yak... ignited by their inner flame

Illustrated notes

Levels and vault maps discovered:
D:1:      heliophobic_arrival_ceremonial_halls, layout_rooms
D:2:      layout_basic, grunt_ministairs_5
D:3:      layout_loops_ring, gammafunk_ghost_nasty_kobolds
D:4:      layout_basic, uniq_duvessa
D:5:      layout_loops_ring, uniq_blork_the_orc
D:6:      layout_loops_ring, nicolae_eternal_life
D:7:      layout_cave_pools, temple_hall, enter_bailey_5,
          kennysheep_windowed_goal
D:8:      layout_cave_pools, gammafunk_temple_overflow_claw, lair_entry_dummy
D:9:      layout_basic, dk_noncrumbling_4, nicolae_shop_fire_sale
          [nicolae_sub_dead_trees]
D:10:     lemuel_flame_loot_2, layout_small_grid, xom_teletrap_fun,
          ebering_ghost_funeral_grove, uniq_erica
Temple:   regret_index_temple_mists
Lair:1:   layout_regular_city, infiniplex_staircase_pool_2, grunt_megastairs_1,
          uniq_joseph, uniq_fannar

Skill      XL: |  1  2  3  4  5  6  7  8  9 10 11 |
---------------+----------------------------------+-----
Stealth        | 2 3 |  3.0
Dodging        | 2 |  2.0
Air Magic      | 3 |  3.0
Fighting       | 1 2 3 4 5 7 |  7.0
Conjurations   | 2 3 4 6 |  6.0
Long Blades    | 1 2 3 4 5 6 8 |  8.4
Fire Magic     | 1 2 3 4 11 12 | 12.5
Evocations     | 2 |  2.6
Spellcasting   | |  2.1

Action                   |  1- 3 |  4- 6 |  7- 9 | 10-12 || total
-------------------------+-------+-------+-------+-------++-------
Melee: Dagger            |    17 |       |       |       ||    17
       Long sword        |    84 |   101 |   188 |   166 ||   539
       Headbutt          |     5 |    18 |    39 |    39 ||   101
       Punch             |       |     3 |     3 |     1 ||     7
 Cast: Shock             |    33 |    58 |    27 |    36 ||   154
       Sticky Flame      |       |     1 |    10 |    29 ||    40
       Static Discharge  |       |       |       |     7 ||     7
Evoke: Wand              |       |       |       |     1 ||     1
  Use: Scroll            |     5 |     4 |     6 |     9 ||    24
       Potion            |       |     3 |     4 |     4 ||    11
 Stab: Sleeping          |     6 |     1 |     1 |       ||     8
       Distracted        |       |       |     1 |     1 ||     2
       Invisible         |       |       |       |     1 ||     1
Armor: Robe              |    22 |    44 |     8 |       ||    74
       Leather armour    |       |       |    89 |    10 ||    99
       Skin              |       |       |       |    54 ||    54
       Steam dragon scal |       |       |       |    59 ||    59
Dodge: Dodged            |   102 |   101 |   162 |   201 ||   566

Table legend: (Time is in decaauts)
 A = Elapsed time spent in this place.
 B = Non-inter-level travel time spent in this place.
 C = Inter-level travel time spent in this place.
 D = Time resting spent in this place.
 E = Time spent auto-exploring this place.
 F = Levels seen in this place.
 G = Mean time per level.
                   A        B        C        D        E       F      G
               +--------+--------+--------+--------+--------+-----+--------+
         Total |  16051 |  15111 |    940 |    265 |  12633 |  13 | 1234.7 |
       Dungeon |  14626 |  13733 |    893 |      0 |  11809 |  10 | 1462.6 |
        Temple |    203 |    157 |     46 |      0 |    135 |   1 |  203.0 |
          Lair |    250 |    250 |      0 |      0 |    189 |   1 |  250.0 |
        Bailey |    970 |    970 |      0 |    265 |    499 |   1 |  970.0 |
               +--------+--------+--------+--------+--------+-----+--------+

Top non-repeatable levels by time:
     D:4: 2415 daAuts
     D:9: 1957 daAuts
     D:3: 1521 daAuts
     D:5: 1476 daAuts
     D:1: 1471 daAuts
     D:6: 1323 daAuts
     D:8: 1314 daAuts
     D:2: 1256 daAuts
     D:7: 1251 daAuts
  Bailey: 970 daAuts
    D:10: 638 daAuts
  Lair:1: 250 daAuts
  Temple: 203 daAuts
